 Dungeon Crawl Stone Soup version 0.29.0-4-gdea44cf6ec (webtiles) character file.

Game seed: 13343586146853899204

21 qw the Caller (level 2, -2/23 HPs)
             Began as a Ghoul Summoner on Sept 10, 2022.
             Slain by a worm (5 damage)
             ... on level 1 of the Dungeon.
             The game lasted 00:00:30 (1115 turns).

qw the Caller (Ghoul Summoner)                      Turns: 1115, Time: 00:00:31

Health: -2/23      AC:  5    Str: 11    XL:     2   Next: 87%
Magic:  3/3        EV: 10    Int: 10    God:
Gold:   33         SH:  0    Dex:  9    Spells: 3/4 levels left

rFire   . . .      SeeInvis .   Y - +0 hand axe
rCold   + . .      Faith    .   (no shield)
rNeg    + + +      Spirit   .   d - +0 ring mail
rPois   inf        Reflect  .   (no helmet)
rElec   .          Harm     .   (no cloak)
rCorr   .          Rampage  .   (no gloves)
Will    .....                   (no boots)
Stlth   +.........              (no amulet)
HPRegen 0.00/turn               (no ring)
MPRegen 0.08/turn               (no ring)

@: inhibited regen
A: claws 1, cold resistance 1, negative energy resistance 3, inhibited
regeneration, torment resistance 2, devour on kill
a: no special abilities


You were on level 1 of the Dungeon.
You visited 1 branch of the dungeon, and saw 2 of its levels.

You collected 33 gold pieces.


Innate Abilities, Weirdness & Mutations

You are immune to poison.
You have sharp fingernails.
Your flesh is cold resistant. (rC+)
You are immune to negative energy. (rN+++)
You do not regenerate when monsters are visible.
You are immune to unholy pain and torment.
You thrive by killing the living.


   Skills:
 - Level 1.0 Fighting
 + Level 1.8 Axes
 - Level 1.7 Dodging
 - Level 2.1 Stealth
 - Level 1.7 Spellcasting
 - Level 3.6 Summonings


You had 3 spell levels left.
You knew the following spells:

 Your Spells              Type           Power      Damage    Failure   Level
a - Summon Small Mammal   Summ           32%        N/A       19%         1

Your spell library contained the following spells:

 Spells                   Type           Power      Damage    Failure   Level
 Call Imp                 Summ           8%         N/A       26%         2
 Call Canine Familiar     Summ           8%         N/A       47%         3
 Summon Guardian Golem    Hex/Summ       4%         N/A       75%         3
 Summon Lightning Spire   Summ/Air       4%         N/A       98%         4

Inventory:

Hand Weapons
 e - a +0 club
 Y - a +0 hand axe (weapon)
Armour
 d - a +0 ring mail (worn)
Potions
 f - a potion of lignification {unknown}

Dungeon Overview and Level Annotations

Branches:
Dungeon (2/15)

Altars:


Message History

You climb upwards.
There is a stone staircase leading down here.
You see here 3 stones.
You hit the goblin.
You kill the goblin!
You start resting.
HP restored.
Done exploring.
(D) Dungeon
Where to? (* - list waypoints, Enter - D:2, ? - help)
What level of the Dungeon? (default 1, ? - help)
You climb downwards.
The worm bites you.
There is a stone staircase leading up here.
1106 ||| STAIRDANCE The worm misses you.
You climb upwards.
There is a stone staircase leading down here.
You see here 3 stones.
You hit the worm but do no damage. The worm bites you.
You hit the worm.
The worm is moderately wounded.
You hit the worm.
The worm is heavily wounded.
The worm bites you.
You barely miss the worm.
The worm is heavily wounded.
The worm bites you.
You barely miss the worm.
The worm is heavily wounded.
The worm bites you.
You barely miss the worm.
The worm is moderately wounded.
You hit the worm.
The worm is severely wounded.
The worm barely misses you.
You hit the worm.
The worm is almost dead.
The worm bites you.
You die...

..####......####.........#
#.##......#..###.........# #####
..##......##....##.......####....
#......##....#..................#
.......#####.............####...#
......###....(..#........# #....
..###.##(.#..............# #....
.## #.##....###.w........# #[...
.####....#######@........# #.##.
..........## #...)#.....%## #%##.
...........###.#.##.......###....
............#....##.......#.....#
................###......(......#
..............### #....(...######
.............## #........#####
....>........######............#
...............................#


You could see a worm.

Vanquished Creatures
  An endoplasm (D:1)
  2 goblins (D:1)
  5 hobgoblins (D:1)
  2 quokkas (D:1)
  A frilled lizard (D:1)
  A kobold (D:1)
  3 rats (D:1)
15 creatures vanquished.

Vanquished Creatures (collateral kills)
  A hobgoblin (D:1)
  A ball python (D:1)
  A bat (D:1)
  2 rats (D:1)
5 creatures vanquished.

Grand Total: 20 creatures vanquished

Notes
Turn   | Place    | Note
-------+----------+-------------------------------------------
     0 | D:1      | qw the Ghoul Summoner began the quest for the Orb.
     0 | D:1      | Reached XP level 1. HP: 14/14 MP: 2/2
     0 | D:1      | 0 ||| qw: Version: 0.1-a-113-g051387a
     0 | D:1      | 0 ||| qw: Game counter: 7411
     0 | D:1      | 0 ||| qw: Always use a shield: true
     0 | D:1      | 0 ||| qw: God list: Okawaru
     0 | D:1      | 0 ||| qw: Allow faded altars: false
     0 | D:1      | 0 ||| qw: Do Orc after D:15 true
     0 | D:1      | 0 ||| qw: Do second Lair branch before Depths: true
     0 | D:1      | 0 ||| qw: Lair rune preference: random
     0 | D:1      | 0 ||| qw: Plans: Normal
     0 | D:1      | 0 ||| PLANNING D:1-11
    36 | D:1      | 36 ||| CASTING Summon Small Mammal
    37 | D:1      | 37 ||| CASTING Summon Small Mammal
    43 | D:1      | 43 ||| Stepping ~*~*~tactically~*~*~ (outnumbered).
    45 | D:1      | 45 ||| Stepping ~*~*~tactically~*~*~ (outnumbered).
    46 | D:1      | 46 ||| Stepping ~*~*~tactically~*~*~ (outnumbered).
    49 | D:1      | 49 ||| CASTING Summon Small Mammal
    61 | D:1      | 61 ||| CASTING Summon Small Mammal
    74 | D:1      | 74 ||| CASTING Summon Small Mammal
    75 | D:1      | HP: 1/14 [hobgoblin (5)]
    77 | D:1      | Reached skill level 1 in Axes
   292 | D:1      | 292 ||| CASTING Summon Small Mammal
   293 | D:1      | 293 ||| CASTING Summon Small Mammal
   351 | D:1      | 351 ||| CASTING Summon Small Mammal
   352 | D:1      | 352 ||| CASTING Summon Small Mammal
   361 | D:1      | Reached XP level 2. HP: 21/22 MP: 0/3
   407 | D:1      | 407 ||| CASTING Summon Small Mammal
   408 | D:1      | 408 ||| CASTING Summon Small Mammal
   409 | D:1      | 409 ||| CASTING Summon Small Mammal
   412 | D:1      | Reached skill level 1 in Fighting
   459 | D:1      | 459 ||| CASTING Summon Small Mammal
   460 | D:1      | 460 ||| CASTING Summon Small Mammal
   461 | D:1      | 461 ||| CASTING Summon Small Mammal
   498 | D:1      | 498 ||| Wielding weapon +0 club.
   519 | D:1      | 519 ||| CASTING Summon Small Mammal
   520 | D:1      | 520 ||| CASTING Summon Small Mammal
   521 | D:1      | 521 ||| CASTING Summon Small Mammal
   560 | D:1      | 560 ||| CASTING Summon Small Mammal
   561 | D:1      | 561 ||| CASTING Summon Small Mammal
   562 | D:1      | 562 ||| CASTING Summon Small Mammal
   604 | D:1      | 604 ||| SWAPPING to +0 hand axe.
   611 | D:1      | 611 ||| CASTING Summon Small Mammal
   612 | D:1      | 612 ||| CASTING Summon Small Mammal
   613 | D:1      | 613 ||| CASTING Summon Small Mammal
   672 | D:1      | 672 ||| CASTING Summon Small Mammal
   673 | D:1      | 673 ||| CASTING Summon Small Mammal
   674 | D:1      | 674 ||| CASTING Summon Small Mammal
   713 | D:1      | 713 ||| CASTING Summon Small Mammal
   714 | D:1      | 714 ||| CASTING Summon Small Mammal
   715 | D:1      | 715 ||| CASTING Summon Small Mammal
   780 | D:1      | 780 ||| CASTING Summon Small Mammal
   781 | D:1      | 781 ||| CASTING Summon Small Mammal
   782 | D:1      | 782 ||| CASTING Summon Small Mammal
   821 | D:1      | 821 ||| CASTING Summon Small Mammal
   822 | D:1      | 822 ||| CASTING Summon Small Mammal
   823 | D:1      | 823 ||| CASTING Summon Small Mammal
   873 | D:1      | 873 ||| CASTING Summon Small Mammal
   874 | D:1      | 874 ||| CASTING Summon Small Mammal
   875 | D:1      | 875 ||| CASTING Summon Small Mammal
   930 | D:1      | 930 ||| CASTING Summon Small Mammal
   931 | D:1      | 931 ||| CASTING Summon Small Mammal
   964 | D:1      | 964 ||| CASTING Summon Small Mammal
   965 | D:1      | 965 ||| CASTING Summon Small Mammal
   966 | D:1      | 966 ||| CASTING Summon Small Mammal
  1044 | D:1      | 1044 ||| UPGRADING to +0 ring mail.
  1054 | D:1      | 1054 ||| DROPPING +0 robe.
  1055 | D:1      | 1055 ||| DROPPING scarf of invisibility.
  1056 | D:1      | 1056 ||| READING scroll labelled PEJOCI KASA.
  1057 | D:1      | 1057 ||| DROPPING potion of magic.
  1072 | D:2      | 1072 ||| CASTING Summon Small Mammal
  1073 | D:2      | 1073 ||| STAIRDANCE
  1086 | D:2      | 1086 ||| CASTING Summon Small Mammal
  1087 | D:2      | 1087 ||| STAIRDANCE
  1100 | D:2      | 1100 ||| STAIRDANCE
  1106 | D:2      | 1106 ||| STAIRDANCE
  1111 | D:1      | HP: 5/23 [worm (4)]
  1115 | D:1      | Slain by a worm

Levels and vault maps discovered:
D:1:      amcnicky_arrival_single_pillar, layout_rooms
D:2:      layout_rooms

Skill      XL: |  1  2 |
---------------+-------+-----
Axes           | 1 |  1.8
Fighting       | 1 |  1.0
Dodging        | |  1.7
Stealth        | |  2.1
Spellcasting   | |  1.7
Summonings     | |  3.6

Action                   || total
-------------------------++-------
Melee: Unarmed           ||    34
       Hand axe          ||    25
       Club              ||     2
 Cast: Summon Small Mamm ||    43
  Use: Scroll            ||     1
Armor: Robe              ||     7
Dodge: Dodged            ||    42

Table legend:
 A = Non-vault XP
 B = Vault XP
 C = Vault XP percentage of total XP
 D = Non-vault monster count
 E = Vault monster count
 F = Vault count percentage of total count
                 A         B        C        D         E       F
            +---------+---------+-------+---------+---------+-------
      Total |      31 |       0 |   0.0 |      20 |       0 |   0.0
            +---------+---------+-------+---------+---------+-------
        D:1 |      31 |       0 |   0.0 |      20 |       0 |   0.0
            +---------+---------+-------+---------+---------+-------
